[Event "December 12 Early 2023"]
[Site "https://www.chess.com"]
[Date "2023.12.12"]
[Round "5"]
[White "Zaichenko, Daria"]
[Black "Salinas Tomas, Daniel"]
[Result "0-1"]
[Board "188"]
[TimeControl "180+1"]
[WhiteFideId "4197453"]
[BlackFideId "24597716"]
[WhiteElo "2230"]
[BlackElo "2393"]
[WhiteTeam "RUS"]
[BlackTeam "ESP"]
[WhiteClock "0:00:06"]
[BlackClock "0:00:21"]

1. e4 c5 2. Nf3 Nc6 3. d4 cxd4 4. Nxd4 Nf6 5. Nc3 e6 6. Nxc6 bxc6 7. e5 Nd5 8. Nxd5 cxd5 9. Bd3 d6 10. f4 dxe5 11. fxe5 Bc5 12. Qh5 Bd7 13. Rf1 g6 14. Qf3 O-O 15. Bh6 Bd4 16. Bxf8 Qxf8 17. c3 Bxe5 18. h4 Rb8 19. Rf2 Rxb2 20. Rxb2 Bxc3+ 21. Kf1 Bxb2 22. Rb1 Bd4 23. h5 Bb6 24. hxg6 hxg6 25. Qf6 Qg7 26. Qxg7+ Kxg7 27. Ke2 e5 28. Bb5 Be6 29. Bc6 Kf6 30. Rb5 d4 31. Kd3 Bg4 32. a4 Bf5+ 33. Kc4 d3 34. Rd5 Bd4 35. Rd8 d2 36. Bf3 Bc2 37. a5 d1=Q 38. Bxd1 Bxd1 39. Kd5 Ke7 40. Rb8 Bb3+ 41. Rxb3 f5 42. a6 Kf6 43. Rg3 f4 44. Rf3 Kf5 45. Rb3 g5 46. Rb8 g4 47. Rf8+ Kg5 48. Ke4 Kh4 49. Rg8 Kg3 50. Kf5 Kxg2 51. Rxg4+ Kf3 52. Rh4 Bf2 53. Rh3+ Bg3 54. Kxe5 Kg2 55. Rh7 f3+ 56. Ke4 f2 57. Rf7 f1=Q 58. Rxf1 Kxf1 59. Kd5 Bf2 60. Kc6 Bb6 61. Kb5 Ke2 62. Ka4 Kd3 63. Kb5 Kd4 64. Ka4 Kc4 65. Ka3 Kb5 66. Ka2 Kxa6 67. Kb3 Kb5 68. Ka3 a5 69. Ka2 a4 70. Kb1 Kb4 71. Ka2 Bd4 72. Kb1 Kb3 73. Kc1 a3 0-1

[Event "December 12 Early 2023"]
[Site "https://www.chess.com"]
[Date "2023.12.12"]
[Round "5"]
[White "MasterofMasters2006"]
[Black "Rosenberg, Evan S"]
[Result "0-1"]
[Board "189"]
[TimeControl "180+1"]
[BlackFideId "2019299"]
[WhiteElo "2062"]
[BlackElo "2382"]
[BlackTeam "USA"]
[WhiteClock "0:00:10"]
[BlackClock "0:00:44"]

1. d4 d5 2. c4 e6 3. Nc3 c5 4. cxd5 cxd4 5. Qxd4 Nc6 6. Qd1 exd5 7. Qxd5 Qc7 8. g3 Nf6 9. Qb3 Bf5 10. Bg2 Nd4 11. Qa4+ Qd7 12. Qxd7+ Kxd7 13. e4 Nc2+ 14. Kd2 Nxa1 15. exf5 Bc5 16. Nf3 Bxf2 17. b3 Rhd8 18. Bb2 Ke7+ 19. Ke2 Nxb3 20. Kxf2 Nc5 21. Re1+ Kf8 22. Ba3 b6 23. Ne5 Rd2+ 24. Kg1 Rad8 25. Bxc5+ bxc5 26. Ne4 Nxe4 27. Rxe4 Rxa2 28. Rc4 Rd1+ 29. Bf1 Raa1 30. Rf4 f6 31. Nd7+ Rxd7 0-1

[Event "December 12 Early 2023"]
[Site "https://www.chess.com"]
[Date "2023.12.12"]
[Round "5"]
[White "Guzman Lozano, Campo Elias"]
[Black "Veiga, Jose Francisco R P Neves"]
[Result "0-1"]
[Board "190"]
[TimeControl "180+1"]
[WhiteFideId "4403746"]
[BlackFideId "1930087"]
[WhiteElo "2190"]
[BlackElo "2571"]
[WhiteTeam "COL"]
[BlackTeam "POR"]
[WhiteClock "0:00:08"]
[BlackClock "0:00:53"]

1. d4 d5 2. Bg5 f6 3. Bd2 Bf5 4. e3 e6 5. Bd3 Nh6 6. Nf3 Bd6 7. Nh4 Bxd3 8. cxd3 O-O 9. Qh5 f5 10. e4 f4 11. e5 Be7 12. Nf3 Nc6 13. O-O Rf5 14. Qh3 Qe8 15. g4 Qg6 16. Kh1 Qxg4 17. Qxg4 Nxg4 18. Nc3 a6 19. Ne2 Raf8 20. h3 Nh6 21. Rg1 Rh5 22. Kh2 Rhf5 23. Rg2 g6 24. Rag1 Nb8 25. Rc1 c6 26. Rcg1 Nd7 27. Nc1 c5 28. Nb3 cxd4 29. Nbxd4 Nxe5 30. Nxe5 Rxe5 31. Re1 Bd6 32. Rxe5 Bxe5 33. Nxe6 Rf6 34. Nc5 f3+ 35. Rg3 Nf5 36. Nd7 Bxg3+ 37. fxg3 Re6 38. Bf4 Re2+ 39. Kg1 g5 40. Bb8 Rg2+ 41. Kf1 Ne3+ 42. Ke1 Re2# 0-1

[Event "December 12 Early 2023"]
[Site "https://www.chess.com"]
[Date "2023.12.12"]
[Round "5"]
[White "Petrova, Irina"]
[Black "Kopczynski, Michal"]
[Result "1-0"]
[Board "191"]
[TimeControl "180+1"]
[WhiteFideId "14124122"]
[BlackFideId "1124200"]
[WhiteElo "2296"]
[BlackElo "2550"]
[WhiteTeam "UKR"]
[BlackTeam "POL"]
[WhiteClock "0:00:32"]
[BlackClock "0:00:00"]

1. e4 b6 2. d4 Bb7 3. f3 e6 4. Bd3 Nf6 5. Ne2 d5 6. e5 Nfd7 7. O-O c5 8. c3 Nc6 9. Be3 Qc7 10. f4 O-O-O 11. Nd2 f5 12. dxc5 bxc5 13. b4 c4 14. Bc2 g5 15. b5 Ncb8 16. Bxa7 Bc5+ 17. Bxc5 Qxc5+ 18. Nd4 gxf4 19. Nf3 Rhg8 20. Kh1 Rde8 21. Qd2 Rg4 22. h3 h5 23. hxg4 hxg4 24. Qxf4 gxf3 25. Rxf3 Nf8 26. a4 Nbd7 27. a5 Ng6 28. Qg3 Ngxe5 29. a6 Rh8+ 30. Kg1 Nxf3+ 31. gxf3 Ba8 32. Kg2 e5 33. Nc6 Qf8 34. Bxf5 Rg8 35. Bg4 Qe8 36. Re1 Rg5 37. Bxd7+ Qxd7 38. Qxg5 Bxc6 39. bxc6 Qxc6 40. Qxe5 Qg6+ 41. Kf2 Qc2+ 42. Re2 1-0

[Event "December 12 Early 2023"]
[Site "https://www.chess.com"]
[Date "2023.12.12"]
[Round "5"]
[White "Schut, Han"]
[Black "Smirnov, Mark"]
[Result "0-1"]
[Board "192"]
[TimeControl "180+1"]
[WhiteFideId "1005561"]
[BlackFideId "13764594"]
[WhiteElo "2293"]
[BlackElo "2514"]
[WhiteTeam "NED"]
[BlackTeam "KAZ"]
[WhiteClock "0:00:04"]
[BlackClock "0:01:16"]

1. e4 c5 2. Nf3 d6 3. d4 cxd4 4. Nxd4 Nf6 5. f3 e5 6. Bb5+ Nbd7 7. Nf5 d5 8. exd5 a6 9. Ba4 b5 10. Bb3 Nc5 11. Ne3 Nxb3 12. axb3 Bc5 13. Nc3 O-O 14. O-O Bb7 15. Kh1 Bd4 16. b4 Qb6 17. Qd3 Rfd8 18. Nf5 Bxc3 19. bxc3 Nxd5 20. Qe2 Qf6 21. Qe4 Nxc3 22. Qxb7 Qxf5 23. Bb2 Qxc2 24. Bxc3 Qxc3 25. Qe4 Qd4 26. Qf5 Qxb4 27. Qxe5 Qc4 28. Rae1 b4 29. Re4 Qxf1# 0-1

[Event "December 12 Early 2023"]
[Site "https://www.chess.com"]
[Date "2023.12.12"]
[Round "5"]
[White "Omariev, Maksim"]
[Black "Minina, Veronika"]
[Result "0-1"]
[Board "193"]
[TimeControl "180+1"]
[WhiteFideId "4193423"]
[BlackFideId "4174780"]
[WhiteElo "2505"]
[BlackElo "2239"]
[WhiteTeam "RUS"]
[BlackTeam "RUS"]
[WhiteClock "0:00:08"]
[BlackClock "0:00:39"]

1. g4 d5 2. Bg2 c6 3. d4 Bxg4 4. c4 dxc4 5. Na3 e5 6. dxe5 Qxd1+ 7. Kxd1 Bxa3 8. bxa3 Nd7 9. f4 O-O-O 10. Kc2 Nc5 11. Be3 Bf5+ 12. Kc3 Na4+ 13. Kxc4 a5 14. Kb3 b5 15. Bxc6 Ne7 16. Bxb5 Nd5 17. Bf2 Nab6 18. Nf3 Kb7 19. Rhc1 Nxf4 20. Bc6+ Ka6 21. e4 Be6+ 22. Kb2 Nd3+ 23. Kc3 Nxf2 24. Rab1 Rc8 25. Kd2 Rhd8+ 26. Ke3 Ng4+ 27. Kf4 Nf2 28. Ke3 Ng4+ 29. Kf4 h6 30. h3 g5+ 31. Kg3 Ne3 32. Re1 Rxc6 33. Rxe3 Rc2 34. Reb3 Bxb3 35. axb3 Rd3 36. b4 Rcc3 37. b5+ Kb7 38. Rf1 h5 39. h4 g4 40. Kf4 Rxf3+ 41. Rxf3 Rxf3+ 42. Kg5 g3 43. e6 g2 44. e7 g1=Q+ 45. Kxh5 Qg6# 0-1

[Event "December 12 Early 2023"]
[Site "https://www.chess.com"]
[Date "2023.12.12"]
[Round "5"]
[White "Becerra, Juan David"]
[Black "Kuchava, Ana"]
[Result "1-0"]
[Board "194"]
[TimeControl "180+1"]
[WhiteFideId "4404998"]
[BlackFideId "13605348"]
[WhiteElo "2388"]
[BlackElo "2207"]
[WhiteTeam "COL"]
[BlackTeam "GEO"]
[WhiteClock "0:01:34"]
[BlackClock "0:00:33"]

1. e4 c5 2. d4 cxd4 3. c3 Nf6 4. e5 Nd5 5. cxd4 Nc6 6. Nc3 Nxc3 7. bxc3 d5 8. f4 Bf5 9. Ne2 h5 10. Ng3 Bg4 11. Qb3 h4 12. Qxb7 Na5 13. Bb5+ Bd7 14. Bxd7+ Qxd7 15. Qxa8+ Qd8 16. Qxd8+ Kxd8 17. Ne2 e6 18. Be3 Nc4 19. Kf2 Ba3 20. Rab1 Kc7 21. Rb3 a5 22. Rhb1 Kc6 23. Bc1 Bxc1 24. Nxc1 a4 25. Rb7 h3 26. g3 f6 27. Nd3 Nd2 28. R1b6# 1-0

[Event "December 12 Early 2023"]
[Site "https://www.chess.com"]
[Date "2023.12.12"]
[Round "5"]
[White "La Villa Rivas, Marlon Javier"]
[Black "Borawski, Jakub"]
[Result "1-0"]
[Board "195"]
[TimeControl "180+1"]
[WhiteFideId "3519546"]
[BlackFideId "1143000"]
[WhiteElo "2342"]
[BlackElo "2203"]
[WhiteTeam "CUB"]
[BlackTeam "POL"]
[WhiteClock "0:00:11"]
[BlackClock "0:00:00"]

1. e4 e5 2. Nf3 Nc6 3. Bb5 a6 4. Ba4 Nf6 5. d3 d6 6. c4 g6 7. Nc3 Bg7 8. O-O O-O 9. h3 h6 10. Be3 Bd7 11. Qd2 Kh7 12. Bc2 Qe7 13. a3 a5 14. Nb5 Qd8 15. b4 axb4 16. axb4 Rxa1 17. Rxa1 Ne7 18. Nc3 Be6 19. c5 Nd7 20. d4 exd4 21. Nxd4 dxc5 22. Nxe6 fxe6 23. bxc5 Nc6 24. Rd1 Rf7 25. Ne2 Qf8 26. Nf4 Qe8 27. Nxg6 e5 28. Nh4 Nd4 29. Bxd4 exd4 30. e5+ Kg8 31. Bb3 Qxe5 32. Bxf7+ Kxf7 33. Nf3 Qxc5 34. Qf4+ Kg8 35. Nxd4 Qd5 36. Rd2 Be5 37. Qxh6 Bxd4 38. Qg6+ Kf8 39. Rd3 Ne5 40. Qh6+ Ke8 41. Ra3 b6 42. Rg3 Kd8 43. Qh8+ Kd7 44. Qh7+ Kc6 45. h4 Qc5 46. Qe4+ Kd6 47. Qf5 Qc1+ 48. Kh2 Qh6 49. h5 Bxf2 50. Qxf2 Qxh5+ 51. Kg1 Qd1+ 52. Qf1 Qd4+ 53. Kh1 Qh4+ 54. Rh3 Qg5 55. Qd1+ Kc6 56. Qc2+ Kb7 57. Qe4+ 1-0

[Event "December 12 Early 2023"]
[Site "https://www.chess.com"]
[Date "2023.12.12"]
[Round "5"]
[White "Kleibel, Uwe"]
[Black "Arshiya Das"]
[Result "0-1"]
[Board "196"]
[TimeControl "180+1"]
[WhiteFideId "1270982"]
[BlackFideId "25652150"]
[WhiteElo "2337"]
[BlackElo "2201"]
[WhiteTeam "GER"]
[BlackTeam "IND"]
[WhiteClock "0:00:11"]
[BlackClock "0:00:58"]

1. e4 c5 2. Nf3 d6 3. d4 cxd4 4. Qxd4 Nc6 5. Qe3 Nf6 6. h3 g6 7. Be2 h5 8. O-O Bh6 9. Qd3 Bg7 10. c4 Bd7 11. Nc3 Rc8 12. Rd1 Nb4 13. Qb1 O-O 14. Be3 a5 15. e5 Bf5 16. Qc1 Ne8 17. Nd4 Bxe5 18. Nxf5 gxf5 19. Bxh5 Bg7 20. Be2 e5 21. Nd5 Nxd5 22. Rxd5 Nf6 23. Rd1 d5 24. b3 d4 25. Bg5 Qb6 26. Qa3 Nh7 27. Be7 Rfe8 28. c5 Qg6 29. Bd6 e4 30. Qxa5 d3 31. Bf1 Bxa1 32. Rxa1 Ng5 33. Kh1 Ne6 34. b4 Nd4 35. Qb6 Nc2 36. Rd1 e3 37. fxe3 Nxe3 38. Rxd3 Nxf1 39. Qxb7 Rcd8 40. a4 Re1 41. a5 Ng3+ 42. Kh2 Rh1# 0-1

[Event "December 12 Early 2023"]
[Site "https://www.chess.com"]
[Date "2023.12.12"]
[Round "5"]
[White "Acosta Cruz, Oscar Yosimar"]
[Black "Mesa Cruz, Juan Carlos"]
[Result "1-0"]
[Board "197"]
[TimeControl "180+1"]
[WhiteFideId "5111269"]
[BlackFideId "6423400"]
[WhiteElo "2165"]
[BlackElo "2330"]
[WhiteTeam "MEX"]
[BlackTeam "DOM"]
[WhiteClock "0:01:39"]
[BlackClock "0:00:06"]

1. e4 c5 2. Nf3 d6 3. Bb5+ Bd7 4. a4 Nc6 5. O-O Nf6 6. Re1 g6 7. c3 Bg7 8. d4 cxd4 9. cxd4 O-O 10. Nc3 a6 11. Bf1 Rc8 12. h3 Na5 13. e5 Ne8 14. Bg5 h6 15. Bh4 g5 16. Bg3 Nc4 17. Ra2 dxe5 18. dxe5 Be6 19. Nd4 Nxb2 20. Rxb2 Rxc3 21. Nxe6 Qxd1 22. Rxd1 fxe6 23. Rxb7 Nc7 24. Rd7 Nd5 25. Bxa6 Rc1+ 26. Kh2 Rfc8 27. Rxe7 Nxe7 28. Rxe7 Rb1 29. Bxc8 1-0

[Event "December 12 Early 2023"]
[Site "https://www.chess.com"]
[Date "2023.12.12"]
[Round "5"]
[White "Luukkonen, Tommi"]
[Black "Yushko, Olga"]
[Result "1-0"]
[Board "198"]
[TimeControl "180+1"]
[WhiteFideId "501808"]
[BlackFideId "14114500"]
[WhiteElo "2318"]
[BlackElo "2114"]
[WhiteTeam "FIN"]
[BlackTeam "UKR"]
[WhiteClock "0:01:43"]
[BlackClock "0:01:39"]

1. e4 e6 2. d4 d5 3. Nc3 Nf6 4. e5 Nfd7 5. Nce2 c5 6. c3 Nc6 7. Nf3 Qb6 8. a3 cxd4 9. cxd4 Be7 10. h4 O-O 11. Nf4 Na5 12. Rb1 f6 13. Bd3 fxe5 14. dxe5 Nc5 15. Bxh7+ Kxh7 16. Ng5+ Kg8 17. Qh5 Bxg5 18. hxg5 Rxf4 19. Qh8+ Kf7 20. g6+ Ke7 21. Qxg7+ 1-0

[Event "December 12 Early 2023"]
[Site "https://www.chess.com"]
[Date "2023.12.12"]
[Round "5"]
[White "Filippova, Margarita"]
[Black "Lakshmi C"]
[Result "1-0"]
[Board "199"]
[TimeControl "180+1"]
[WhiteFideId "34199680"]
[BlackFideId "25035347"]
[WhiteElo "2313"]
[BlackElo "2063"]
[WhiteTeam "RUS"]
[BlackTeam "IND"]
[WhiteClock "0:01:03"]
[BlackClock "0:00:00"]

1. e4 e5 2. Nf3 Nc6 3. Bc4 Be7 4. O-O Nf6 5. Nc3 O-O 6. d4 d6 7. h3 exd4 8. Nxd4 Nxd4 9. Qxd4 Be6 10. Bg5 Nd7 11. Bxe7 Qxe7 12. f4 Bxc4 13. Qxc4 Nb6 14. Qd3 c6 15. Rae1 Rad8 16. a4 d5 17. e5 Qc5+ 18. Kh2 Nc4 19. b3 Nb6 20. Qg3 f5 21. Ne2 d4 22. Rc1 Qd5 23. Rfd1 Qe4 24. Ng1 Nd5 25. Rf1 Ne3 26. Rfe1 c5 27. Nf3 Qc6 28. c3 Qd5 29. cxd4 1-0

[Event "December 12 Early 2023"]
[Site "https://www.chess.com"]
[Date "2023.12.12"]
[Round "5"]
[White "Subramanian, Anusha"]
[Black "Shubhi Gupta"]
[Result "1-0"]
[Board "200"]
[TimeControl "180+1"]
[WhiteFideId "477710"]
[BlackFideId "25195425"]
[WhiteElo "2041"]
[BlackElo "2300"]
[WhiteTeam "ENG"]
[BlackTeam "IND"]
[WhiteClock "0:00:29"]
[BlackClock "0:00:23"]

1. e4 e5 2. Nf3 Nc6 3. Bc4 Bc5 4. d3 d6 5. h3 Nf6 6. O-O h6 7. c3 Be6 8. Bb3 Bb6 9. Be3 Qd7 10. Bxe6 fxe6 11. b4 O-O 12. Nbd2 Rae8 13. a4 Bxe3 14. fxe3 Nh5 15. a5 a6 16. Qb3 Kh8 17. b5 axb5 18. Qxb5 Rb8 19. d4 exd4 20. exd4 d5 21. Rfb1 Nf4 22. e5 Qf7 23. Ra2 Qg6 24. Nh4 Qg3 25. Ndf3 Nxh3+ 26. Kh1 Nf2+ 27. Kg1 Ne4 28. Rc1 Qf4 29. Ng6+ Kh7 30. Nxf4 Rxf4 31. a6 Na7 32. Qd7 1-0

[Event "December 12 Early 2023"]
[Site "https://www.chess.com"]
[Date "2023.12.12"]
[Round "5"]
[White "Olcayoz, Gizem"]
[Black "Zhuk, Valeriy"]
[Result "0-1"]
[Board "201"]
[TimeControl "180+1"]
[WhiteFideId "6301444"]
[BlackFideId "24151254"]
[WhiteElo "2025"]
[BlackElo "2298"]
[WhiteTeam "TUR"]
[BlackTeam "RUS"]
[WhiteClock "0:00:00"]
[BlackClock "0:00:15"]

1. e4 e6 2. d4 d5 3. Nc3 Bb4 4. Ne2 Nf6 5. e5 Ne4 6. a3 Bxc3+ 7. Nxc3 Nxc3 8. bxc3 b6 9. Bd3 Ba6 10. Qg4 Kf8 11. h4 c5 12. h5 h6 13. Qf4 Bxd3 14. cxd3 Nc6 15. dxc5 bxc5 16. Rh3 Qc7 17. Rf3 Qxe5+ 18. Qxe5 Nxe5 19. Rg3 c4 20. dxc4 Nxc4 21. Bf4 e5 22. Bd2 Rb8 23. Rd3 Rb5 24. a4 Ra5 25. f4 e4 26. Rd4 Ke7 27. Ke2 Rb8 28. Ra2 f5 29. Kf2 Rb2 30. Rxb2 Nxb2 31. Ke2 Rxa4 32. Rxd5 Nc4 33. Rxf5 Ke6 34. Rf8 Ra2 35. Rd8 e3 36. Re8+ Kd7 37. Re4 Rxd2+ 38. Ke1 Nb2 39. Rxe3 Rxg2 40. Kf1 Rc2 41. f5 a5 42. Rg3 a4 43. Rxg7+ Ke8 44. Ra7 Rxc3 45. f6 a3 46. Ke2 Rc4 47. Rxa3 Rf4 48. Ra6 Kf7 49. Ke3 Rxf6 50. Ra7+ Ke6 51. Ra2 Nc4+ 52. Kd4 Nd6 53. Re2+ Kf7 54. Kd5 Nf5 55. Rf2 Ng3 56. Rh2 Rf5+ 57. Kd6 Rxh5 58. Rg2 Rg5 59. Rf2+ Kg6 60. Ke6 h5 61. Rf6+ Kh7 62. Rf7+ Kh6 63. Rf6+ Rg6 0-1

[Event "December 12 Early 2023"]
[Site "https://www.chess.com"]
[Date "2023.12.12"]
[Round "6"]
[White "Zakhartsov, Vladimir"]
[Black "Martinez Alcantara, Jose Eduardo"]
[Result "0-1"]
[Board "1"]
[TimeControl "180+1"]
[WhiteFideId "4145097"]
[BlackFideId "3805662"]
[WhiteElo "2931"]
[BlackElo "3029"]
[WhiteTeam "RUS"]
[BlackTeam "PER"]
[WhiteClock "0:00:03"]
[BlackClock "0:00:06"]

1. d4 Nf6 2. c4 e6 3. Nf3 Bb4+ 4. Nbd2 O-O 5. a3 Be7 6. e4 d6 7. Be2 Nfd7 8. O-O e5 9. dxe5 dxe5 10. b3 a5 11. Bb2 Nc6 12. Nb1 Nc5 13. Qc2 f6 14. Rd1 Qe8 15. Nc3 Ne6 16. Nd5 Bc5 17. Qd2 Qf7 18. b4 Bd4 19. c5 Bxb2 20. Qxb2 Ned4 21. Nxd4 Nxd4 22. Bc4 Be6 23. Rac1 axb4 24. axb4 Kh8 25. f3 Rad8 26. Kh1 h5 27. Ne3 Bxc4 28. Nxc4 h4 29. Qf2 h3 30. Ne3 hxg2+ 31. Qxg2 Qh5 32. Ng4 Ne6 33. Rxd8 Rxd8 34. Rg1 Nf4 35. Qa2 Qh3 36. Qf2 Rd3 37. Rg3 Rd1+ 38. Rg1 Rxg1+ 39. Kxg1 Qh5 40. Qd2 Kh7 41. Qd7 Qg5 42. Kf2 Ng6 43. Qxc7 Qd2+ 44. Kg3 Qe1+ 45. Kh3 Nf4# 0-1

[Event "December 12 Early 2023"]
[Site "https://www.chess.com"]
[Date "2023.12.12"]
[Round "6"]
[White "Vokhidov, Shamsiddin"]
[Black "Tologon tegin, Semetei"]
[Result "0-1"]
[Board "2"]
[TimeControl "180+1"]
[WhiteFideId "14204223"]
[BlackFideId "13800574"]
[WhiteElo "3023"]
[BlackElo "2651"]
[WhiteTeam "UZB"]
[BlackTeam "KGZ"]
[WhiteClock "0:00:13"]
[BlackClock "0:00:10"]

1. e4 c5 2. Nf3 Nc6 3. Bb5 d6 4. O-O Bd7 5. Re1 Nf6 6. c3 a6 7. Bf1 Bg4 8. h3 Bxf3 9. Qxf3 e6 10. Na3 Be7 11. Nc2 O-O 12. d4 cxd4 13. Nxd4 Rc8 14. Be3 Ne5 15. Qd1 Nc4 16. Bc1 Qb6 17. b3 Ne5 18. c4 Nc6 19. Bb2 Rfd8 20. Qd2 Nxd4 21. Bxd4 Qc6 22. Bd3 Nd7 23. Rac1 Bf6 24. Be3 Nc5 25. Bb1 Rd7 26. f3 Rdd8 27. Red1 Be5 28. b4 Na4 29. Rc2 b5 30. Rdc1 bxc4 31. a3 c3 32. Qe2 h6 33. Ba2 Qb7 34. Bc4 Rc6 35. b5 Rxc4 36. Qxc4 axb5 37. Qb4 d5 38. exd5 exd5 39. Bd4 Bxd4+ 40. Qxd4 Rc8 41. Re1 Qb6 42. Rd1 Rc4 43. Qxb6 Nxb6 44. Kf2 d4 45. Re2 c2 46. Rc1 d3 47. Re8+ Kh7 48. Ke3 Rc3 0-1

[Event "December 12 Early 2023"]
[Site "https://www.chess.com"]
[Date "2023.12.12"]
[Round "6"]
[White "Mitrabha, Guha"]
[Black "Andreikin, Dmitry"]
[Result "0-1"]
[Board "3"]
[TimeControl "180+1"]
[WhiteFideId "5057000"]
[BlackFideId "4158814"]
[WhiteElo "2918"]
[BlackElo "3092"]
[WhiteTeam "IND"]
[BlackTeam "FID"]
[WhiteClock "0:00:02"]
[BlackClock "0:00:04"]

1. Nf3 b5 2. e4 Bb7 3. Bxb5 Bxe4 4. O-O c6 5. Be2 e6 6. d3 Bxf3 7. Bxf3 Nf6 8. b3 d5 9. Bb2 Bd6 10. c4 Nbd7 11. Nc3 O-O 12. Re1 a5 13. Na4 Nb6 14. Bxf6 gxf6 15. Nxb6 Qxb6 16. d4 Qb8 17. Kh1 a4 18. Rb1 axb3 19. axb3 Bb4 20. Re3 Ra2 21. Be2 Qf4 22. Rf3 Qd2 23. Bd3 Qxd1+ 24. Rxd1 f5 25. h3 Rb2 26. g4 f4 27. cxd5 cxd5 28. Rxf4 Rxb3 29. Rf3 Kg7 30. Kg2 Ra8 31. h4 Raa3 32. g5 Be7 33. Be2 Rxf3 34. Bxf3 h6 35. gxh6+ Kxh6 36. h5 Bf6 37. Rc1 Ra7 38. Rc6 Kg5 39. h6 Kxh6 40. Bxd5 Bxd4 41. Be4 Kg5 42. Rc2 Kf4 43. Re2 f5 44. Bc6 e5 45. Rc2 e4 46. Bd5 Rg7+ 47. Kf1 Kf3 48. Bc4 Ra7 49. Be2+ Kf4 50. Kg2 Rg7+ 51. Kf1 Rh7 52. Kg2 Rh6 53. Bc4 Rg6+ 54. Kf1 Rc6 55. Bb3 Rb6 56. Bc4 Rb4 57. Kg2 Rb8 58. Kf1 Ke5 59. Ra2 Rb4 60. Ra5+ Kf6 61. Bd5 Rb2 62. Ra2 Rb1+ 63. Kg2 Ke5 64. Bc4 Kf4 65. Rc2 Rb7 66. Kf1 Rh7 67. Kg2 Ke5 68. Ra2 f4 69. Ra5+ Kf6 70. Ra6+ Kg5 71. Ra5+ Kh4 72. f3 Rg7+ 73. Kh2 exf3 74. Rd5 Bg1+ 75. Kh1 f2 76. Bf1 Kg3 77. Rh5 Kf3 78. Rh3+ Ke4 79. Rh5 Rc7 80. Kg2 f3+ 81. Kg3 Rc1 82. Ba6 f1=Q 83. Bxf1 Rxf1 84. Rh1 Bf2+ 0-1

[Event "December 12 Early 2023"]
[Site "https://www.chess.com"]
[Date "2023.12.12"]
[Round "6"]
[White "Fedoseev, Vladimir"]
[Black "Shankland, Sam"]
[Result "0-1"]
[Board "4"]
[TimeControl "180+1"]
[WhiteFideId "24130737"]
[BlackFideId "2004887"]
[WhiteElo "3056"]
[BlackElo "2909"]
[WhiteTeam "SLO"]
[BlackTeam "USA"]
[WhiteClock "0:00:01"]
[BlackClock "0:00:21"]

1. e4 c5 2. Nf3 d6 3. Bb5+ Bd7 4. c4 Nf6 5. Nc3 g6 6. O-O Bg7 7. Bxd7+ Nbxd7 8. d3 O-O 9. h3 a6 10. a4 e6 11. Bf4 Qc7 12. Qd2 Ne5 13. Nxe5 dxe5 14. Be3 Rfd8 15. a5 Nh5 16. Na4 Bf8 17. Ra3 f5 18. f3 Nf4 19. h4 Be7 20. Nb6 Rab8 21. exf5 gxf5 22. Bxf4 exf4 23. Re1 Kf7 24. Qf2 Rd4 25. Re2 Rg8 26. Qe1 Qd6 27. Kh2 Bf6 28. b4 cxb4 29. Rb3 Rg3 30. Qxb4 Qxb4 31. Rxb4 Rxd3 32. Nc8 Rd7 33. Rxb7 Rxb7 34. Nd6+ Ke7 35. Nxb7 Bd4 36. c5 Rg8 37. c6 Rc8 38. Rc2 e5 39. g3 fxg3+ 40. Kxg3 Ke6 41. h5 h6 42. Kg2 Rc7 43. Kf1 Kd5 44. Nd8 e4 45. fxe4+ fxe4 46. Ke2 Bf6 47. Rd2+ Ke5 48. Ke3 Bg5+ 49. Ke2 Bxd2 50. Kxd2 Kd6 51. Ke3 Ke7 52. Nb7 Rxc6 53. Kxe4 Rc7 0-1

[Event "December 12 Early 2023"]
[Site "https://www.chess.com"]
[Date "2023.12.12"]
[Round "6"]
[White "Xiong, Jeffery"]
[Black "Bocharov, Dmitry"]
[Result "1-0"]
[Board "5"]
[TimeControl "180+1"]
[WhiteFideId "2047640"]
[BlackFideId "4138716"]
[WhiteElo "3046"]
[BlackElo "2883"]
[WhiteTeam "USA"]
[BlackTeam "RUS"]
[WhiteClock "0:00:47"]
[BlackClock "0:00:06"]

1. e4 c5 2. Nf3 d6 3. Nc3 a6 4. d4 cxd4 5. Qxd4 Nf6 6. Nd5 Nbd7 7. Bg5 h6 8. Nxf6+ gxf6 9. Be3 Rg8 10. O-O-O Qa5 11. Kb1 Ne5 12. Nxe5 fxe5 13. Qd2 Qxd2 14. Rxd2 f5 15. exf5 Bxf5 16. g3 e6 17. f4 exf4 18. Bxf4 Rc8 19. Bg2 d5 20. Kc1 Bb4 21. c3 h5 22. Re1 Kf7 23. Be5 Be7 24. Rf2 Kg6 25. Bd4 Rgf8 26. b3 Bf6 27. Bxf6 Rxf6 28. Kd2 Rcf8 29. Ref1 h4 30. gxh4 Kh5 31. Rf4 Rg8 32. Bf3+ Kh6 33. Bxd5 Rd8 34. c4 Rg6 35. Kc3 Bh3 36. Be4 e5 37. Rf6 Rxf6 38. Rxf6+ Kh5 39. Bf3+ Kxh4 40. Rh6+ Kg5 41. Rxh3 1-0

[Event "December 12 Early 2023"]
[Site "https://www.chess.com"]
[Date "2023.12.12"]
[Round "6"]
[White "Paravyan, David"]
[Black "Novozhilov, Semen"]
[Result "1-0"]
[Board "6"]
[TimeControl "180+1"]
[WhiteFideId "4194985"]
[BlackFideId "24289167"]
[WhiteElo "3026"]
[BlackElo "2752"]
[WhiteTeam "FID"]
[BlackTeam "RUS"]
[WhiteClock "0:01:26"]
[BlackClock "0:00:08"]

1. e4 c5 2. Nf3 Nc6 3. Nc3 d6 4. d4 cxd4 5. Nxd4 Nf6 6. Bg5 e6 7. Qd2 a6 8. Nxc6 bxc6 9. O-O-O Qa5 10. Bc4 Bb7 11. f4 O-O-O 12. Bb3 h6 13. Bxf6 gxf6 14. f5 h5 15. Kb1 Qe5 16. Rhe1 Bh6 17. Qf2 Kc7 18. g3 h4 19. Ne2 hxg3 20. hxg3 c5 21. Nf4 Bc8 22. c3 Rhg8 23. Qh2 Rxg3 24. Qxh6 Rdg8 25. Nd3 Rxd3 26. Rxd3 exf5 27. Qh7 Re8 28. Qxf7+ Re7 29. Qd5 fxe4 30. Qxe5 Rxe5 31. Rd5 Re7 32. Rh5 f5 33. Bd5 Re5 34. c4 e3 35. Kc2 Re7 36. Rh4 Rg7 1-0

[Event "December 12 Early 2023"]
[Site "https://www.chess.com"]
[Date "2023.12.12"]
[Round "6"]
[White "Drygalov, Sergey"]
[Black "Zavgorodniy, Sergiy"]
[Result "1-0"]
[Board "7"]
[TimeControl "180+1"]
[WhiteFideId "24171743"]
[BlackFideId "14110148"]
[WhiteElo "3011"]
[BlackElo "2707"]
[WhiteTeam "RUS"]
[BlackTeam "UKR"]
[WhiteClock "0:00:12"]
[BlackClock "0:00:01"]

1. d4 Nf6 2. c4 e6 3. Nf3 Bb4+ 4. Nbd2 b6 5. a3 Bxd2+ 6. Qxd2 Bb7 7. e3 Ne4 8. Qc2 f5 9. b4 O-O 10. Be2 d6 11. Bb2 Nd7 12. O-O Qe7 13. d5 e5 14. Ne1 Ng5 15. f4 exf4 16. exf4 Qe3+ 17. Kh1 Ne4 18. Nd3 Ndf6 19. Rad1 Ng4 20. Bxg4 fxg4 21. Rfe1 Ng3+ 22. hxg3 Qxg3 23. Qf2 Qxf2 24. Nxf2 Rxf4 25. Nd3 Rf7 26. Kh2 h5 27. Kg3 Raf8 28. Kh4 Rf5 29. Re7 R8f7 30. Rxf7 Kxf7 31. b5 Bc8 32. Re1 a6 33. a4 a5 34. Bc3 Bd7 35. Bd4 g6 36. Nf2 Rf4 37. Ne4 g5+ 38. Kxg5 Rf5+ 39. Kh4 Kg6 40. Nf6 Rxf6 41. Bxf6 Kxf6 42. Kxh5 Bf5 43. g3 Bc2 44. Kxg4 Bxa4 45. Re3 Bd1+ 46. Kf4 a4 47. g4 Bb3 48. g5+ Kf7 49. Rc3 Ba2 50. Kf5 Bb1+ 51. Kf4 Ba2 52. Rh3 Kg7 53. Rg3 Bxc4 54. Rc3 Bxd5 55. Rxc7+ Bf7 56. Ra7 Kg6 57. Rxa4 Be8 58. Ra6 Bxb5 59. Rxb6 Bc4 60. Rxd6+ 1-0